 Dungeon Crawl Stone Soup version 0.22.1-6-g1668fe2c40 (webtiles) character file.

105 NochnoyZador the Cudgeler (level 4, -2/28 HPs)
             Began as a Gargoyle Fighter on Jan 21, 2019.
             Slain by Natasha (6 damage)
             ... on level 3 of the Dungeon.
             The game lasted 00:04:57 (1695 turns).

NochnoyZador the Cudgeler (Gargoyle Fighter)        Turns: 1695, Time: 00:04:59

Health: -2/28      AC: 13    Str: 20    XL:     4   Next: 83%
Magic:  4/4        EV:  7    Int:  9    God:
Gold:   100        SH:  9    Dex:  9    Spells: 3/3 levels left

rFire    . . .     SeeInvis .   a - +0 flail
rCold    . . .     Gourm    .   c - +0 shield
rNeg     + . .     Faith    .   b - +0 scale mail
rPois    ∞         Spirit   .   j - +0 helmet
rElec    +         Reflect  .   (no cloak)
rCorr    .         Harm     .   q - +0 pair of gloves
MR       .....                  h - +0 pair of boots
Stlth    ..........             (no amulet)
HPRegen  0.09/turn              (no ring)
MPRegen  0.09/turn              (no ring)

@: slowed, very slow
A: negative energy resistance 1, electricity resistance, unbreathing,
petrification resistance, rot immunity, AC +3
a: no special abilities


You were on level 3 of the Dungeon.
You were not hungry.

You visited 1 branch of the dungeon, and saw 3 of its levels.

You collected 100 gold pieces.

Inventory:

Hand Weapons
 a - a +0 flail (weapon)
Missiles
 g - 25 arrows
 i - 158 stones (quivered)
 k - 40 sling bullets
Armour
 b - a +0 scale mail (worn)
 c - a +0 shield (worn)
 h - a +0 pair of boots (worn)
 j - a +0 helmet (worn)
 q - a +0 pair of gloves (worn)
Jewellery
 s - an uncursed ring of protection from cold {unknown}
Scrolls
 l - a scroll of enchant armour {unknown}
 n - a scroll of enchant weapon {unknown}
 o - 4 scrolls of identify {unknown}
 p - a scroll of immolation {unknown}
 r - a scroll of remove curse {unknown}
Potions
 d - a potion of might
 e - a potion of flight {unknown}
Comestibles
 f - 4 rations
 m - 3 chunks of flesh


   Skills:
 - Level 3.2 Fighting
 * Level 4.8 Maces & Flails
 - Level 3.2 Armour
 - Level 3.2 Shields


You had 3 spell levels left.
You didn't know any spells.
Your spell library was empty.

Dungeon Overview and Level Annotations

Branches:
Dungeon (3/15)

Altars:

Annotations:
D:3 Natasha


Innate Abilities, Weirdness & Mutations

You are resistant to torment.
Your stone body is resilient. (AC +3)
You are immune to poison.
You resist negative energy. (rN+)
You are resistant to electric shocks. (rElec)
You can survive without breathing.
You are immune to petrification.
You are immune to rotting.


Message History

Natasha claws you.
* * * LOW HITPOINT WARNING * * *
Natasha claws you but does no damage.
An ooze comes into view.
You closely miss Natasha.
Natasha is severely wounded.
The ooze quivers.
Natasha claws you but does no damage. x2
You hit Natasha.
Natasha is severely wounded.
Natasha claws you.
* * * LOW HITPOINT WARNING * * *
Natasha closely misses you. The ooze completely misses you.
You closely miss Natasha.
Natasha is severely wounded.
Natasha mumbles some strange words.
You feel troubled. You block Natasha's attack.
The ooze hits you but does no damage. Natasha claws you.
You die...

######..###.##
#.........)...
#.#####.###... #
#.# #... .# #.#
#... ########.#
#.# #...
#........#
#.###...
#...h..#
#..##...
#...@J.#
##.##...
######.#
#####..#...
#.####..........
#.#..#.####.....
#.#..#.#####...#
#.#..#....##...#
#....####......#
###.#####..#..##
#.....#....>.#


You could see Natasha and an ooze.

Vanquished Creatures
  Jessica (D:3)
  3 adders
  A dart slug (D:3)
  2 leopard geckos
  8 bats
  A giant cockroach (D:2)
  7 goblins
  4 hobgoblins
  6 jackals (D:2)
  5 kobolds
  A quokka (D:3)
  6 frilled lizards
  3 rats
48 creatures vanquished.

Notes
Turn   | Place    | Note
-------+----------+-------------------------------------------
     0 | D:1      | NochnoyZador the Gargoyle Fighter began the quest for the
                  | Orb.
     0 | D:1      | Reached XP level 1. HP: 14/14 MP: 1/1
   273 | D:1      | Reached XP level 2. HP: 19/19 MP: 2/2
   509 | D:1      | Reached skill level 3 in Maces & Flails
   723 | D:2      | Reached XP level 3. HP: 23/23 MP: 3/3
  1340 | D:3      | Reached skill level 4 in Maces & Flails
  1464 | D:3      | Reached XP level 4. HP: 26/28 MP: 4/4
  1667 | D:3      | Noticed Jessica
  1667 | D:3      | Noticed Natasha
  1673 | D:3      | Killed Jessica
  1695 | D:3      | Slain by Natasha

Skill      XL: |  1  2  3 |
---------------+----------+-----
Maces & Flails | 3 4 |  4.8
Fighting       | |  3.2
Armour         | |  3.2
Shields        | |  3.2

Action                   |  1- 3 |  4- 6 || total
-------------------------+-------+-------++-------
Melee: Flail             |   150 |    66 ||   216
  Eat: Chunk             |     2 |     1 ||     3
Armor: Scale mail        |   128 |    42 ||   170
Dodge: Dodged            |    63 |    18 ||    81
Block: Shield            |    99 |    32 ||   131
